 Dungeon Crawl Stone Soup version 0.26-a0-946-g9485abf61d (webtiles) character file.

Game seed: 16172779966707291573

35 PentaManta the Insei (level 3, -2/19 HPs)
             Began as a Vine Stalker Monk on Nov 28, 2020.
             Killed by divine providence
             ... invoked by an orc priest
              (7 damage)
             ... on level 2 of the Dungeon.
             The game lasted 00:01:47 (1394 turns).

PentaManta the Insei (Vine Stalker Monk)            Turns: 1394, Time: 00:01:48

Health: -2/19      AC:  5    Str: 14    XL:     3   Next: 35%
Magic:  0/4        EV: 11    Int: 10    God:
Gold:   68         SH:  4    Dex: 16    Spells: 2/2 levels left

rFire    . . .     SeeInvis .     - Unarmed
rCold    . . .     Faith    .   l - +0 buckler
rNeg     . . .     Spirit   +   b - +0 ring mail
rPois    .         Reflect  .   (no helmet)
rElec    .         Harm     .   (no cloak)
rCorr    .         Rampage  .   (no gloves)
MR       .....                  (no boots)
Stlth    ++........             (no amulet)
HPRegen  0.06/turn              (no ring)
MPRegen  0.09/turn              (no ring)

@: no status effects
A: fangs 2, magic shield, antimagic bite, no potion heal 3, rot immunity
a: no special abilities


You were on level 2 of the Dungeon.
You visited 1 branch of the dungeon, and saw 2 of its levels.

You collected 68 gold pieces.

Inventory:

Armour
 b - a +0 ring mail (worn)
 l - a +0 buckler (worn)
Jewellery
 d - an uncursed ring of protection from magic {unknown}
Scrolls
 a - a scroll of identify {unknown}
 c - a scroll of immolation {unknown}
 e - a scroll of noise {unknown}
 f - a scroll of remove curse {unknown}
 j - 2 scrolls of teleportation {unknown}
 k - a scroll of fear {unknown}
 n - a scroll of fog {unknown}
Potions
 g - a potion of haste {unknown}
 h - a potion of degeneration {unknown}
 i - a potion of curing {unknown}
 m - a potion of brilliance {unknown}


   Skills:
 - Level 2.6 Fighting
 - Level 2.4 Dodging
 - Level 2.4 Stealth
 + Level 0.3 Shields
 * Level 4.2 Unarmed Combat


You had 2 spell levels left.
You didn't know any spells.
Your spell library was empty.

Dungeon Overview and Level Annotations

Branches:
Dungeon (2/15)

Altars:
Trog
Uskayaw


Innate Abilities, Weirdness & Mutations

You have extremely sharp teeth.
When hurt, damage is shared between your health and your magic reserves.
Your bite disrupts and absorbs the magic of your enemies.
Potions cannot restore your health.
You are immune to rotting.


Message History

Your bite misses the orc priest.
The orc priest is moderately wounded.
You hit the orc priest but do no damage.
The orc priest is moderately wounded.
The orc priest hits you with a +0 mace.
* * * LOW HITPOINT WARNING * * *
You hit the orc priest but do no damage.
You bite the orc priest. You drain its power.
You feel invigorated.
The orc priest is severely wounded.
The orc priest closely misses you.
You hit the orc priest but do no damage.
Your bite misses the orc priest.
The orc priest is severely wounded.
The orc priest closely misses you.
You hit the orc priest but do no damage.
You bite the orc priest. You drain its power.
The orc priest is almost dead.
The orc priest calls down the wrath of Beogh upon you.
Beogh smites you!
You die...

#### ..... ###
.....o##################..
....oKo..@................
....lo##################.#
##### #<.... ####...
#...._. ###.... #.###
..###.... ..........


You could see an orc priest, 2 orc wizards, an orc, a kobold and a frilled
lizard.

Vanquished Creatures
  An adder (D:2)
  An ooze (D:2)
  A dart slug (D:1)
  A giant cockroach (D:1)
  5 goblins
  A hobgoblin (D:2)
  5 kobolds
  A ball python (D:2)
  3 bats (D:1)
  2 frilled lizards (D:1)
  A rat (D:1)
22 creatures vanquished.

Notes
Turn   | Place    | Note
-------+----------+-------------------------------------------
     0 | D:1      | PentaManta the Vine Stalker Monk began the quest for the
                  | Orb.
     0 | D:1      | Reached XP level 1. HP: 11/11 MP: 2/2
   243 | D:1      | Reached XP level 2. HP: 16/16 MP: 3/3
   977 | D:2      | Reached skill level 4 in Unarmed Combat
   989 | D:2      | Found a hide-covered altar of Uskayaw.
  1036 | D:2      | Reached XP level 3. HP: 18/19 MP: 4/4
  1302 | D:2      | Found a bloodstained altar of Trog.
  1394 | D:2      | Killed from afar by an orc priest

Illustrated notes

Levels and vault maps discovered:
D:1:      dpeg_arrival_simpleton_a, layout_basic
D:2:      layout_basic, bloody_trog, lemuel_doored_altar, dk_noncrumbling_3,
          kennysheep_crisscross

Skill      XL: |  1  2 |
---------------+-------+-----
Unarmed Combat | 4 |  4.2
Fighting       | |  2.6
Dodging        | |  2.4
Stealth        | |  2.4
Shields        | |  0.3

Action                   || total
-------------------------++-------
Melee: Unarmed           ||    68
       Bite              ||    21
 Stab: Sleeping          ||     2
Armor: Ring mail         ||    22
Dodge: Dodged            ||    33
Block: Buckler           ||     3

Table legend: (Time is in decaauts)
 A = Elapsed time spent in this place.
 B = Non-inter-level travel time spent in this place.
 C = Inter-level travel time spent in this place.
 D = Time resting spent in this place.
 E = Time spent auto-exploring this place.
 F = Levels seen in this place.
 G = Mean time per level.
                   A        B        C        D        E       F      G
               +--------+--------+--------+--------+--------+-----+--------+
         Total |   1389 |   1357 |     32 |    139 |   1034 |   2 |  694.5 |
       Dungeon |   1389 |   1357 |     32 |    139 |   1034 |   2 |  694.5 |
               +--------+--------+--------+--------+--------+-----+--------+

Top non-repeatable levels by time:
     D:1: 894 daAuts
     D:2: 495 daAuts
